Map: Ruines d’Endion

Players

zidar

  • Race: Zerg Zerg
  • League: Gold
  • Spawn Location: 5:00

Gerts - Winner!

  • Race: Terran Terran
  • League: Platinum
  • Spawn Location: 7:00

VOD

Have the link to the VOD?

Description

Time

  • Played on: June 13, 2016, 2:39 p.m.
  • Length: 19:21
Show
View Real Time Build Order
Export as new Build Order

zidar Zerg 

Build Orders: Hatch First 

Get SALT Encoding   

  12  0:01  Drone  
  13  0:12  Overlord  
  13  0:18  Drone  
  14  0:31  Drone x2  
  16  0:53  Drone  
  16  0:55  Hatchery  
  16  0:57  Extractor  
  16  0:59  Drone  
  16  1:15  Spawning Pool  
  15  1:24  Drone x2  
  17  1:38  Drone x2  
  19  1:45  Drone  
  20  1:56  Drone  
  21  2:02  Metabolic Boost  
  21  2:07  Overlord  
  21  2:10  Drone  
  21  2:14  Extractor  
  22  2:28  Roach Warren  
  21  2:42  Queen  
  22  2:44  Queen  
  22  2:48  Zergling x10  
  25  3:20  Drone x5  
  30  3:32  Overlord x2  
  30  3:41  Drone  
  31  3:51  Roach x2  
  35  4:02  Roach  
  39  4:03  Roach x4  
  44  4:13  Ravager  
  44  4:16  Overlord  
  45  4:18  Drone x3  
  48  4:32  Roach  
  48  4:37  Roach x3  
  54  4:50  Ravager  
  55  4:59  Drone x3  
  58  5:04  Drone x2  
  60  5:09  Overlord x2  
  60  5:18  Extractor  
  59  5:24  Overlord x2  
  59  5:31  Drone  
  59  5:32  Drone  
  61  5:36  Roach x4  
  61  5:37  Roach  
  71  5:52  Drone x2  
  71  5:56  Drone x5  
  76  6:21  Roach x2  
  76  6:22  Roach x3  
  86  6:27  Ravager  
  86  6:29  Ravager  
  88  6:38  Roach  
  90  6:41  Overlord x5  
  90  6:54  Lair  
  90  7:00  Extractor, Drone x2  
  91  7:01  Extractor  
  91  7:03  Hatchery  
  81  7:43  Roach x11  
  103  8:04  Roach x2  
  103  8:05  Roach x2  
  111  8:10  Pneumatized Carapace  
  111  8:33  Ravager x2  
  114  8:34  Ravager x2  
  90  9:03  Roach  
  90  9:04  Roach x12  
  97  9:42  Roach x9  
  97  9:44  Ravager x2  
  117  9:47  Ravager  
  117  9:52  Queen  
  120  10:03  Drone x4  
  59  10:57  Drone x7  
  59  10:58  Drone x7  
  59  10:59  Drone  
  74  11:21  Spire  
  73  11:25  Drone x4  
  73  11:29  Drone x2  
  79  11:34  Overlord x4  
  79  11:37  Hatchery  
  79  11:39  Roach x9  
  96  11:56  Evolution Chamber  
  96  12:00  Evolution Chamber  
  94  12:02  Roach  
  94  12:03  Roach x10  
  94  12:04  Ravager  
  94  12:05  Ravager x4  
  121  12:12  Extractor  
  120  12:16  Extractor, Drone  
  120  12:23  Zerg Ground Armor Level 1  
  120  12:25  Zerg Missile Weapons Level 1  
  120  12:28  Roach x10  
  140  12:38  Corruptor x3  
  146  13:06  Corruptor  
  146  13:07  Corruptor x3  
  146  13:11  Roach  
  146  13:12  Roach x2  
  160  13:25  Glial Reconstitution  
  150  13:41  Overseer  
  150  13:51  Drone x3  
  152  14:18  Hatchery  
  144  14:34  Roach x7  
  144  14:35  Roach x2  
  162  14:43  Zerg Melee Weapons Level 1  
  162  14:45  Zerg Ground Armor Level 2  
  162  14:52  Infestation Pit  
  161  14:54  Drone  
  161  14:58  Overlord x3  
  162  15:19  Corruptor  
  162  15:20  Corruptor x3  
  162  15:21  Corruptor x4  
  170  15:23  Roach x4  
  170  15:28  Overlord x2  
  186  15:35  Hive  
  179  16:37  Roach x10  
  83  17:39  Corruptor x3  
  83  17:40  Corruptor x4  
  83  17:41  Corruptor x4  
  83  17:42  Corruptor  
  68  18:14  Overseer  
  68  18:17  Overseer  
  68  18:18  Overseer  
  68  18:48  Hatchery  
Show
View Real Time Build Order
Export as new Build Order

Gerts Terran - Winner!

Build Orders: Reaper Expand 

Get SALT Encoding   

  12  0:04  SCV  
  13  0:16  SCV  
  13  0:19  Supply Depot  
  15  0:28  SCV  
  15  0:41  SCV  
  16  0:43  Barracks  
  16  0:47  Refinery  
  16  0:53  SCV  
  17  1:05  SCV  
  18  1:17  SCV  
  19  1:31  Reaper  
  19  1:32  Orbital Command  
  20  1:43  Command Center  
  20  2:01  Refinery  
  20  2:06  Barracks Reactor  
  20  2:15  Supply Depot  
  20  2:27  Factory  
  20  3:15  Orbital Command  
  20  3:16  Marine x2  
  20  3:17  Factory Tech Lab  
  22  3:26  SCV  
  23  3:30  Command Center, Starport  
  23  3:35  Marine x2  
  23  3:38  SCV  
  26  3:47  Siege Tank  
  29  3:55  Marine  
  30  4:08  Medivac  
  32  4:11  SCV x2, Starport  
  34  4:20  Liberator  
  34  4:33  Engineering Bay  
  34  4:36  Marine x2  
  39  5:03  Siege Tank  
  39  5:04  Starport Tech Lab  
  42  5:07  SCV x2  
  42  5:09  Refinery  
  42  5:10  SCV  
  42  5:12  Refinery  
  42  5:14  Missile Turret  
  45  5:19  SCV x2  
  47  5:27  Missile Turret  
  47  5:31  SCV  
  47  5:32  SCV  
  47  5:34  Planetary Fortress  
  49  5:39  Refinery x2  
  49  5:50  Starport Reactor  
  49  5:52  SCV x2  
  51  5:58  Missile Turret  
  52  6:04  Liberator, SCV x2  
  53  6:12  Liberator  
  53  6:13  Supply Depot  
  53  6:16  SCV x2  
  61  6:47  SCV x3  
  64  6:59  SCV x3  
  67  7:08  Starport  
  67  7:10  Fusion Core, Starport  
  67  7:11  SCV  
  68  7:19  SCV  
  69  7:23  SCV  
  69  7:25  SCV  
  67  7:31  SCV  
  67  7:35  SCV  
  69  7:43  Supply Depot  
  69  7:46  Supply Depot  
  69  7:51  Starport Tech Lab x2  
  69  7:52  SCV x3  
  72  8:04  SCV x3  
  75  8:05  Neosteel Armor, Liberator  
  75  8:06  Liberator  
  75  8:16  SCV x3  
  84  8:29  SCV  
  84  8:42  Liberator x2  
  84  8:43  Liberator  
  81  9:12  Liberator  
  78  9:23  Hyperflight Rotors  
  69  9:28  Medivac  
  74  9:39  SCV x2  
  74  9:40  SCV  
  74  9:42  Banshee x3  
  86  9:46  Command Center  
  86  9:49  Command Center  
  86  9:51  SCV  
  86  9:52  SCV  
  88  9:53  Advanced Ballistics  
  88  9:54  Cloaking Field  
  88  10:03  Command Center  
  88  10:12  Liberator  
  84  10:24  Banshee  
  84  10:25  Banshee  
  84  10:26  Banshee  
  90  10:29  Liberator  
  89  10:57  SCV x3  
  92  11:04  Command Center  
  92  11:09  SCV  
  93  11:14  SCV x2, Banshee  
  98  11:21  SCV  
  99  11:26  SCV x2  
  99  11:27  Planetary Fortress  
  99  11:28  Command Center  
  101  11:33  SCV  
  101  11:35  Liberator  
  101  11:38  SCV x2  
  104  11:40  Armory  
  104  11:45  SCV, Sensor Tower  
  105  11:51  SCV x2  
  110  11:57  SCV  
  111  12:03  SCV x2  
  113  12:10  Missile Turret  
  113  12:12  Planetary Fortress  
  113  12:14  Sensor Tower  
  113  12:42  Planetary Fortress, Missile Turret  
  113  12:45  Missile Turret  
  113  12:48  Missile Turret  
  113  12:49  Missile Turret  
  113  12:50  Missile Turret  
  113  12:59  Terran Ship Weapons Level 1  
  113  13:00  Factory  
  113  13:03  Armory, Missile Turret  
  113  13:05  Refinery  
  113  13:07  Refinery  
  113  13:17  Hi-Sec Auto Tracking  
  113  13:18  Missile Turret  
  113  13:19  Missile Turret  
  113  14:35  Command Center  
  113  14:38  Terran Vehicle And Ship Armor Level 1  
  113  14:54  Planetary Fortress  
  113  14:56  Liberator x2  
  113  14:57  Liberator x2  
  113  14:58  Liberator  
  113  15:08  Terran Ship Weapons Level 2  
  128  15:24  Starport  
  128  15:25  Starport  
  128  15:32  Missile Turret  
  128  15:33  Factory  
  128  15:34  Factory  
  128  15:36  Sensor Tower  
  128  15:39  Liberator  
  131  16:02  Command Center  
  131  16:34  Hellion x2  
  131  16:38  Factory Tech Lab  
  135  16:40  Factory Tech Lab  
  135  16:41  Terran Vehicle And Ship Armor Level 2  
  135  16:54  Command Center  
  89  17:58  Command Center  
  89  18:00  Command Center  
  89  18:01  Missile Turret  
  89  18:03  Missile Turret x2  
  89  18:04  Thor x2  
  101  18:06  Missile Turret  
  101  18:07  Planetary Fortress, Missile Turret  
  101  18:10  Missile Turret x2  
  101  18:20  Planetary Fortress  
Tags
 
Add a new tag
Caveats
  • Supply blocks, unpowered buildings, or Contaminate may cause inaccurate times.
  • Supply counts are checked every 10 seconds.